 Dungeon Crawl Stone Soup version 0.27-a0-1322-gfdffb62a71 (webtiles) character file.

Game seed: 7114539886779746921

9384 night the Destroyer (level 11, -2/75 HPs)
             Began as a Demonspawn Ice Elementalist on June 22, 2021.
             Was an Initiate of Gozag.
             Slain by a two-headed ogre (17 damage)
             ... on level 10 of the Dungeon.
             The game lasted 00:38:23 (15171 turns).

night the Destroyer (Demonspawn Ice Elementalist)  Turns: 15171, Time: 00:38:24

Health: -2/75      AC: 21    Str: 13    XL:     11   Next: 22%
Magic:  20/24      EV: 11    Int: 19    God:    Gozag
Gold:   521        SH: 10    Dex: 16    Spells: 4/29 levels left

rFire    + . .     SeeInvis .   S - +9 whip of the Devouring Sybil {vamp, rC+ Str+3}
rCold    + . .     Faith    .   w - +0 buckler
rNeg     + + +     Spirit   .   O - +3 leather armour {rF+}
rPois    +         Reflect  +   D - +1 hat
rElec    .         Harm     .   m - +2 cloak {Will+}
rCorr    .         Rampage  .   h - +0 pair of gloves
Will     +....                  M - +2 pair of boots of Zin's Whim {Drain rPois rN++ Dex+3}
Stlth    ++........             v - amulet of reflection
HPRegen  0.22/turn              j - ring of positive energy
MPRegen  0.19/turn              (no ring)

@: ice-armoured
A: antennae 2, thin metallic scales 1, powered by death 1
a: Renounce Religion, Potion Petition, Call Merchant, Bribe Branch


You were on level 10 of the Dungeon.
You worshipped Gozag.
Gozag was pleased with you.
You visited 2 branches of the dungeon, and saw 11 of its levels.
You also visited: Ossuary and Bailey.

You collected 1578 gold pieces.
You spent 731 gold pieces at shops.
You paid 326 gold pieces to Gozag.

Inventory:

Hand Weapons
 a - a +2 spectral quarterstaff
 b - a +0 hand axe
 n - a +5 quarterstaff of freezing
 u - a +2 whip of venom
 S - the +9 whip of the Devouring Sybil (weapon) {vamp, rC+ Str+3}
   (You bought it in a shop on level 2 of the Dungeon)

   It inflicts no extra harm, but heals its wielder when it wounds a living foe.
   It affects your strength (+3).
   It protects you from cold.
 X - a +2 dagger of electrocution
Missiles
 c - 363 stones
 f - 91 poisoned darts (quivered)
 l - 101 sling bullets
 p - 3 curare-tipped darts
 A - 3 javelins
 L - 9 boomerangs
Armour
 h - a +0 pair of gloves (worn)
 m - a +2 cloak of willpower (worn)
 s - a +1 leather armour of cold resistance
 w - a +0 buckler (worn)
 D - a +1 hat (worn)
 M - the +2 pair of boots of Zin's Whim (worn) {Drain rPois rN++ Dex+3}
   (You found it on level 7 of the Dungeon)

   It affects your dexterity (+3).
   It protects you from poison.
   It greatly protects you from negative energy.
   It drains your maximum health when unequipped.
 O - a +3 leather armour of fire resistance (worn)
Jewellery
 j - a ring of positive energy (left hand)
 v - an amulet of reflection (around neck)
 y - a ring of magical power
 J - a +4 ring of evasion
Wands
 i - a wand of flame (9)
 o - a wand of digging (13)
 z - a wand of acid (16)
 I - a wand of mindburst (12)
 P - a wand of paralysis (3)
Scrolls
 g - a scroll of amnesia
 t - 2 scrolls of fear
 C - a scroll of brand weapon
 F - a scroll of magic mapping
 K - 2 scrolls of teleportation
 N - 2 scrolls of blinking
 V - 3 scrolls of identify
 W - a scroll of enchant weapon
Potions
 d - 3 potions of attraction
 e - a potion of berserk rage
 k - a potion of curing
 q - 4 potions of flight
 r - 3 potions of haste {unknown}
 x - 2 potions of heal wounds
 B - 4 potions of mutation
 E - 2 potions of cancellation {unknown}
 G - a potion of lignification {unknown}
 H - a potion of resistance {unknown}
 Q - 2 potions of degeneration {unknown}
 R - a potion of might {unknown}
 T - a potion of experience {unknown}
Miscellaneous
 U - a condenser vane


   Skills:
 + Level 3.3 Fighting
 - Level 2.0 Maces & Flails
 - Level 1.7 Dodging
 - Level 1.7 Stealth
 + Level 3.1 Shields
 + Level 9.5 Spellcasting
 + Level 12.1 Conjurations
 - Level 5.3 Ice Magic
 - Level 1.2 Air Magic


You had 4 spell levels left.
You knew the following spells:

 Your Spells              Type           Power      Damage    Failure   Level
a - Freeze                Ice            100%       1d11      1%          1
b - Frozen Ramparts       Ice            58%        1d7       3%          3
c - Ozocubu's Armour      Ice            29%        N/A       3%          3
d - Lightning Bolt        Conj/Air       17%        1d31      21%         5
e - Orb of Destruction    Conj           26%        9d11      54%         7
f - Shock                 Conj/Air       100%       1d9       1%          1
g - Iskenderun's Battles  Conj           53%        2d10      2%          5

Your spell library contained the following spells:

 Spells                   Type           Power      Damage    Failure   Level
 Foxfire                  Conj/Fire      100%       2x1d9     1%          1
 Static Discharge         Conj/Air       34%        N/A       1%          2
 Conjure Flame            Conj/Fire      32%        6-21      2%          3
 Hailstorm                Conj/Ice       42%        3d10      3%          4
 Sticky Flame             Conj/Fire      32%        2d5       10%         4
 Summon Small Mammal      Summ           36%        N/A       12%         1
 Call Imp                 Summ           9%         N/A       17%         2
 Swiftness                Air            13%        N/A       21%         3
 Call Canine Familiar     Summ           9%         N/A       34%         3
 Inner Flame              Hex/Fire       9%         N/A       34%         3
 Summon Guardian Golem    Hex/Summ       9%         N/A       34%         3
 Summon Ice Beast         Ice/Summ       19%        N/A       36%         4
 Airstrike                Air            6%         N/A       56%         4
 Summon Lightning Spire   Summ/Air       11%        N/A       65%         4
 Fireball                 Conj/Fire      16%        3d8       26%         5
 Bolt of Magma            Conj/Fire/Erth 12%        4d8       52%         5
 Metabolic Englaciation   Hex/Ice        9%         N/A       71%         5
 Iron Shot                Conj/Erth      16%        9d4       82%         6
 Spellforged Servitor     Conj/Summ      16%        N/A       100%        7


Dungeon Overview and Level Annotations

Branches:
Dungeon (10/15)            Temple (1/1) D:6            Lair (0/6) D:8
Ossuary (visited)          Bailey (visited)
    Orc: D:9-12

Altars:
Ashenzari
Cheibriados
Dithmenos
Elyvilon
Fedhas
Gozag
Hepliaklqana
Kikubaaqudgha
Makhleb
Nemelex Xobeh
Okawaru
Qazlal
Ru
Sif Muna
Trog
Uskayaw
Vehumet
Wu Jian
Xom
Yredelemnul
Zin
The Shining One

Shops:
D:2 ([   D:5 *=*?[


Innate Abilities, Weirdness & Mutations

You have a pair of antennae on your head.
You are partially covered in thin metallic scales. (AC +2)
You regenerate a little health from kills.


Message History

Confirm with . or Enter, or press ? or * to list all spells.
A film of ice covers your body!
Unknown command.
The wall freezes the two-headed ogre.
The wall freezes the two-headed ogre.
You whack the two-headed ogre!
The two-headed ogre is moderately wounded.
The wall freezes the two-headed ogre!
The two-headed ogre hits you with a +0 giant club!
The two-headed ogre barely misses you.
You barely miss the two-headed ogre.
The two-headed ogre is moderately wounded.
You hit the two-headed ogre.
You feel better.
The two-headed ogre is heavily wounded.
The wall freezes the two-headed ogre.
The two-headed ogre hits you with a +0 giant club.
The two-headed ogre hits you with a +0 giant club!
You hit the two-headed ogre.
You feel better.
The two-headed ogre is heavily wounded.
The wall freezes the two-headed ogre.
The two-headed ogre hits you with a +0 giant club.
The two-headed ogre closely misses you.
You closely miss the two-headed ogre.
The two-headed ogre is heavily wounded.
The frozen ramparts melt away.
The two-headed ogre hits you with a +0 giant club!
The two-headed ogre hits you with a +0 giant club.
You hit the two-headed ogre.
You feel better.
The two-headed ogre is severely wounded.
The two-headed ogre barely misses you.
The two-headed ogre hits you but does no damage.
You whack the two-headed ogre!
The two-headed ogre is severely wounded.
You barely miss the two-headed ogre.
The two-headed ogre is severely wounded.
The two-headed ogre hits you with a +0 giant club!!
* * * LOW HITPOINT WARNING * * *
The two-headed ogre hits you with a +0 giant club!
You die...
Your body crumbles into a pile of gold.

......<......#.. #.........#...
................####.........#...
#.....................##.....# ..
#....................##......# .
.....#..................##...#
...............####.....
...............# #....
............:...... ....#
.....??.@......)........#
$......#O##.......... ..
##.....#.#...........
#...................
##....#$............
#...##......... .... #...O. ...##
##.....


You could see a two-headed ogre.

Vanquished Creatures
  2 two-headed ogres
  An orc knight (Bailey)
  Joseph (D:7)
  A komodo dragon (D:10)
  2 hornets (D:8)
  A raiju (shapeshifter) (D:10)
  Prince Ribbit (D:7)
  A wyvern (D:8)
  A yak (D:8)
  A steam dragon (D:7)
  11 water moccasins
  16 orc warriors
  4 black bears (D:8)
  A necrophage (D:5)
  2 ogres (D:7)
  5 centaurs
  A phantom (D:6)
  2 kobold brigands
  3 bullfrogs
  4 scorpions
  A gnoll sergeant (D:8)
  A troll zombie (Ossuary)
  8 wights
  2 howler monkeys (D:7)
  5 centaur zombies
  4 hounds
  Crazy Yiuf (D:2)
  A bullfrog skeleton (D:6)
  A gnoll shaman (D:5)
  An orc priest (D:7)
  2 jellies
  An iguana (D:6)
  Ijyb (D:5)
  An orc wizard (D:9)
  2 ogre zombies (Ossuary)
  A hound skeleton (D:5)
  8 mummies
  7 adders
  8 gnolls
  3 howler monkey skeletons
  2 white imps
  3 adder zombies (Ossuary)
  4 dart slugs
  24 orcs
  9 ball pythons
  5 bats
  6 endoplasms
  2 giant cockroaches
  A gnoll zombie (Ossuary)
  8 hobgoblins
  7 jackals
  3 quokkas
  4 frilled lizards
  7 goblins
  6 goblin zombies
  7 hobgoblin zombies (Ossuary)
  16 kobolds
  3 kobold zombies (Ossuary)
  An orc zombie (D:6)
  2 quokka zombies (Ossuary)
  5 rats
  3 rat zombies (Ossuary)
248 creatures vanquished.

Vanquished Creatures (others)
  31 fungi (D:8)
  57 plants
88 creatures vanquished.

Grand Total: 336 creatures vanquished

Notes
Turn   | Place    | Note
-------+----------+-------------------------------------------
     0 | D:1      | night the Demonspawn Ice Elementalist began the quest for
                  | the Orb.
     0 | D:1      | Reached XP level 1. HP: 13/13 MP: 3/3
   475 | D:1      | Gained mutation: You have a pair of small antennae on your
                  | head. [demonic ancestry]
   475 | D:1      | Reached XP level 2. HP: 19/19 MP: 1/5
   594 | D:1      | Found a faded altar of an unknown god.
  1577 | D:1      | Gained mutation: You have a pair of antennae on your head.
                  | [demonic ancestry]
  1577 | D:1      | Reached XP level 3. HP: 24/24 MP: 7/7
  1581 | D:1      | Learned a level 3 spell: Frozen Ramparts
  1585 | D:1      | Learned a level 3 spell: Ozocubu's Armour
  1921 | D:2      | Found Veggy Sas's Antique Armour Emporium.
  2200 | D:2      | Found Worgh's Antique Weapon Emporium.
  2513 | D:2      | Found a runed translucent door.
  2514 | D:2      | Noticed Crazy Yiuf
  2524 | D:2      | Killed Crazy Yiuf
  2525 | D:2      | Reached XP level 4. HP: 6/30 MP: 0/8
  4249 | D:4      | Reached XP level 5. HP: 32/35 MP: 10/10
  4296 | D:4      | Found a hazy altar of Hepliaklqana.
  4500 | D:4      | Reached skill level 5 in Ice Magic
  4895 | D:4      | HP: 4/35 [acid (9)]
  5424 | D:4      | Gained mutation: You are partially covered in thin metallic
                  | scales. (AC +2) [demonic ancestry]
  5424 | D:4      | Reached XP level 6. HP: 41/41 MP: 9/12
  5570 | D:4      | Learned a level 5 spell: Lightning Bolt
  5751 | D:5      | Entered Level 5 of the Dungeon
  5866 | D:5      | Reached skill level 1 in Conjurations
  5866 | D:5      | Reached skill level 1 in Air Magic
  5991 | D:5      | Found Liqutior's Jewellery Shoppe.
  6004 | D:5      | Reached skill level 2 in Conjurations
  6125 | D:5      | Found Ycipuj's Assorted Antiques.
  6153 | D:5      | Noticed a water moccasin
  6171 | D:5      | Killed a water moccasin
  6172 | D:5      | Reached skill level 5 in Spellcasting
  6172 | D:5      | Reached skill level 3 in Conjurations
  6172 | D:5      | Reached XP level 7. HP: 46/46 MP: 5/14
  6252 | D:5      | Noticed Ijyb
  6265 | D:5      | Killed Ijyb
  6434 | D:5      | Found Saqae's Assorted Antiques.
  6516 | D:5      | Found Jugrik's Magic Scroll Emporium.
  6611 | D:5      | Found Inareoq's Antique Armour Shop.
  6851 | D:6      | Reached skill level 4 in Conjurations
  6933 | D:6      | Found a staircase to the Ecumenical Temple.
  6947 | Temple   | Entered the Ecumenical Temple
  7299 | Temple   | Became a worshipper of Gozag Ym Sagoz the Greedy
  7324 | D:6      | Reached skill level 5 in Conjurations
  7361 | D:6      | Reached XP level 8. HP: 52/52 MP: 12/16
  7421 | D:6      | Found a sand-covered staircase.
  7434 | Ossuary  | Entered an ossuary
  7669 | Ossuary  | Reached skill level 6 in Conjurations
  8122 | Ossuary  | HP: 4/52 [troll zombie (12)]
  8968 | D:2      | Bought a spiked ring mail for 279 gold pieces
  8968 | D:2      | Identified the +0 ring mail of Wicked Mirth {rPois rC-
                  | rN+++ Str-5} (You bought it in a shop on level 2 of the
                  | Dungeon)
  9088 | D:7      | Reached skill level 7 in Conjurations
  9235 | D:7      | Identified the +2 pair of boots of Zin's Whim {Drain rPois
                  | rN++ Dex+3}
  9345 | D:7      | Gained mutation: You regenerate a little health from kills.
                  | [demonic ancestry]
  9345 | D:7      | Reached XP level 9. HP: 56/57 MP: 15/19
  9348 | D:7      | Reached skill level 8 in Conjurations
  9423 | D:5      | Bought a scroll of blinking for 97 gold pieces
  9677 | D:7      | Noticed Joseph
  9687 | D:7      | Killed Joseph
  9688 | D:7      | Reached skill level 9 in Conjurations
  9881 | D:7      | Noticed Prince Ribbit
  9886 | D:7      | Killed Prince Ribbit
 10242 | D:7      | Reached skill level 10 in Conjurations
 10320 | D:7      | Identified the +0 robe "Hudunkiu" {*Corrode +Blink Fly
                  | Will++}
 10727 | D:8      | Reached XP level 10. HP: 50/63 MP: 16/22
 10815 | D:8      | Noticed a two-headed ogre
 10822 | D:8      | Killed a two-headed ogre
 10858 | D:8      | Reached skill level 11 in Conjurations
 11141 | D:8      | Found a staircase to the Lair.
 11831 | D:5      | Bought a glowing hat for 175 gold pieces
 11916 | D:2      | Bought a jewelled whip for 180 gold pieces
 11916 | D:2      | Identified the +9 whip of the Devouring Sybil {vamp, rC+
                  | Str+3} (You bought it in a shop on level 2 of the Dungeon)
 11930 | D:2      | Learned a level 7 spell: Orb of Destruction
 12076 | D:9      | Found a flagged portal.
 12102 | Bailey   | Entered a bailey
 12627 | Bailey   | Reached skill level 1 in Fighting
 12627 | Bailey   | Reached skill level 1 in Shields
 12666 | Bailey   | Reached skill level 1 in Maces & Flails
 12794 | Bailey   | Learned a level 1 spell: Shock
 12800 | Bailey   | Learned a level 5 spell: Iskenderun's Battlesphere
 13126 | Bailey   | Reached skill level 2 in Fighting
 13182 | Bailey   | Noticed an orc knight
 13508 | Bailey   | Reached skill level 2 in Shields
 13661 | Bailey   | Killed an orc knight
 13662 | Bailey   | Reached skill level 2 in Maces & Flails
 13779 | Bailey   | Reached XP level 11. HP: 73/73 MP: 15/24
 13867 | D:9      | Paralysed by a hornet for 1 turns
 14189 | D:9      | Noticed a two-headed ogre
 14200 | D:9      | Killed a two-headed ogre
 14201 | D:9      | Reached skill level 12 in Conjurations
 14735 | D:10     | Entered Level 10 of the Dungeon
 15157 | D:10     | Noticed a two-headed ogre
 15171 | D:10     | Slain by a two-headed ogre

Illustrated notes

Levels and vault maps discovered:
D:1:      grunt_arrival_lava_bath, layout_loops_ring, serial_forest,
          infiniplex_forest_lined_corner, infiniplex_forest_end_double,
          infiniplex_forest_end_double, infiniplex_forest_end_2,
          infiniplex_forest_straight_3, infiniplex_forest_end_2,
          hellmonk_ecumenical_altar_crossroads
D:2:      layout_loops_corners, serial_shops, shop, shop, minmay_liquid_box,
          uniq_crazy_yiuf_cottage
D:3:      layout_loops_ring
D:4:      layout_basic, nicolae_hepliaklqana_hazy_memory, minivault_25
D:5:      layout_basic, serial_shops, nicolae_square_shop, shop, shop,
          kennysheep_mini_moat, shop, minmay_hedge_maze, uniq_ijyb
D:6:      layout_rooms, minmay_temple_entry_overgrown,
          nicolae_ossuary_entry_giza, bh_walls_and_bars
D:7:      layout_rooms, minmay_circle_x, uniq_joseph, uniq_prince_ribbit1
D:8:      layout_gridville, due_lair_maze_entry_diamond
D:9:      layout_long_grid, enter_bailey_6
D:10:     layout_cave_pools
Temple:   roderic_octagonal_lattice_temple

Skill      XL: |  1  2  3  4  5  6  7  8  9 10 11 |
---------------+----------------------------------+-----
Ice Magic      | 4 5 |  5.3
Spellcasting   | 3 4 5 6 8 9 |  9.5
Conjurations   | 3 5 7 10 11 12 | 12.1
Air Magic      | 1 |  1.2
Fighting       | 2 3 |  3.3
Shields        | 2 3 |  3.1
Maces & Flails | 2 |  2.0
Dodging        | |  1.7
Stealth        | |  1.7

Action                   |  1- 3 |  4- 6 |  7- 9 | 10-12 || total
-------------------------+-------+-------+-------+-------++-------
Melee: Hand axe          |    65 |       |       |       ||    65
       Quarterstaff      |       |    82 |   243 |    26 ||   351
       Whip              |       |       |       |    99 ||    99
Throw: Dart              |     1 |     3 |     4 |    25 ||    33
 Cast: Freeze            |    27 |    13 |    18 |    20 ||    78
       Frozen Ramparts   |     1 |    19 |    15 |    18 ||    53
       Ozocubu's Armour  |       |     3 |    10 |     9 ||    22
       Shock             |       |       |       |    42 ||    42
       Iskenderun's Batt |       |       |       |     8 ||     8
       Lightning Bolt    |       |       |       |     2 ||     2
Invok: Potion Petition   |       |       |     1 |       ||     1
Evoke: Wand              |       |       |     2 |     1 ||     3
  Use: Scroll            |     2 |     7 |     6 |     4 ||    19
       Potion            |       |       |     2 |     2 ||     4
 Stab: Sleeping          |     2 |     3 |    14 |     1 ||    20
       Paralysed         |       |       |     2 |       ||     2
Armor: Robe              |    14 |    20 |       |       ||    34
       Leather armour    |       |    21 |   121 |    78 ||   220
Dodge: Dodged            |    64 |    51 |   140 |   114 ||   369
Block: Other             |       |    15 |    49 |     8 ||    72
       Reflection        |       |       |     1 |    26 ||    27
       Buckler           |       |       |       |    89 ||    89

Table legend: (Time is in decaauts)
 A = Elapsed time spent in this place.
 B = Non-inter-level travel time spent in this place.
 C = Inter-level travel time spent in this place.
 D = Time resting spent in this place.
 E = Time spent auto-exploring this place.
 F = Levels seen in this place.
 G = Mean time per level.
                   A        B        C        D        E       F      G
               +--------+--------+--------+--------+--------+-----+--------+
         Total |  15480 |  14464 |   1016 |   2139 |   9580 |  13 | 1190.8 |
       Dungeon |  12181 |  11226 |    955 |   1069 |   8380 |  10 | 1218.1 |
        Temple |    371 |    310 |     61 |      0 |    307 |   1 |  371.0 |
       Ossuary |   1034 |   1034 |      0 |    278 |    391 |   1 | 1034.0 |
        Bailey |   1892 |   1892 |      0 |    792 |    502 |   1 | 1892.0 |
               +--------+--------+--------+--------+--------+-----+--------+

Top non-repeatable levels by time:
     D:1: 1919 daAuts
  Bailey: 1892 daAuts
     D:8: 1722 daAuts
     D:4: 1621 daAuts
     D:2: 1562 daAuts
     D:5: 1238 daAuts
 Ossuary: 1034 daAuts
     D:7: 988 daAuts
     D:3: 948 daAuts
     D:6: 920 daAuts
     D:9: 823 daAuts
    D:10: 436 daAuts
  Temple: 371 daAuts
